 Dungeon Crawl Stone Soup version 0.28.0-43-g3370ac3207 (webtiles) character file.

Game seed: 8110746718376343201

589 experimilk the Chiller (level 7, 52/52 HPs)
             Began as a Red Draconian Ice Elementalist on Mar 20, 2022.
             Got out of the dungeon alive.
             The game lasted 00:21:05 (6865 turns).

experimilk the Chiller (DrIE)                       Turns: 6865, Time: 00:21:05

Health: 52/52      AC:  7    Str: 10    XL:     7   Next: 15%
Magic:  11/11      EV: 16    Int: 17    God:
Gold:   187        SH:  0    Dex: 12    Spells: 4/12 levels left

rFire   + . .      SeeInvis .   r - +2 short sword (protect)
rCold   . . .      Faith    .   (no shield)
rNeg    . . .      Spirit   .   (armour unavailable)
rPois   .          Reflect  .   (helmet restricted)
rElec   .          Harm     .   (no cloak)
rCorr   +          Rampage  .   (no gloves)
Will    .....                   l - +0 pair of boots
Stlth   ++........              (no amulet)
HPRegen 0.17/turn               e - +4 ring of evasion
MPRegen 0.12/turn               i - ring of resist corrosion

@: no status effects
A: breathe fire, AC +6, unfitting armour, fire resistance 1, cold-blooded
a: Breathe Fire


You escaped.
You visited 1 branch of the dungeon, and saw 4 of its levels.

You collected 187 gold pieces.

Inventory:

Hand Weapons
 a - a +2 dagger of venom
 b - a +0 club
 r - a +2 short sword of protection (weapon)
Armour
 l - a +0 pair of boots (worn)
Jewellery
 e - a +4 ring of evasion (left hand)
 i - a ring of resist corrosion (right hand)
Wands
 o - a wand of flame (11)
Scrolls
 d - 3 scrolls of teleportation
 g - a scroll of fear {unknown}
 j - a scroll of magic mapping {unknown}
 k - a scroll of enchant weapon {unknown}
 m - a scroll of noise {unknown}
 n - a scroll of vulnerability {unknown}
 q - a scroll of holy word {unknown}
Potions
 c - a potion of cancellation
 f - a potion of curing
 h - 2 potions of brilliance
 p - a potion of invisibility {unknown}


   Skills:
 - Level 1.3 Fighting
 - Level 3.0 Dodging
 - Level 1.7 Stealth
 - Level 3.0 Spellcasting
 * Level 2.7 Conjurations
 * Level 5.9 Ice Magic


You had 4 spell levels left.
You knew the following spells:

 Your Spells              Type           Power      Damage    Failure   Level
a - Freeze                Ice            88%        1d10      1%          1
b - Frozen Ramparts       Ice            44%        1d6       4%          3
c - Hailstorm             Conj/Ice       17%        3d6       30%         4

Your spell library contained the following spells:

 Spells                   Type           Power      Damage    Failure   Level
 Ozocubu's Armour         Ice            22%        N/A       4%          3
 Foxfire                  Conj/Fire      28%        2x1d5     10%         1
 Sublimation of Blood     Necr           2%         N/A       26%         2
 Conjure Flame            Conj/Fire      7%         6-21      30%         3
 Dazzling Flash           Conj/Hex       14%        N/A       30%         3
 Inner Flame              Hex/Fire       2%         N/A       45%         3
 Flame Wave               Conj/Fire      7%         2d5       69%         4
 Petrify                  Tmut/Erth      2%         N/A       86%         4
 Irradiate                Conj/Tmut      3%         3d15      95%         5
 Agony                    Necr           2%         N/A       99%         5
 Silence                  Hex/Air        1%         N/A       99%         5


Dungeon Overview and Level Annotations

Branches:
Dungeon (4/15)
 Temple: D:4-7

Altars:
Makhleb
Ru
Trog

Shops:
D:1 (

Annotations:
D:4 2 transporters


Innate Abilities, Weirdness & Mutations

You can breathe blasts of fire.
Your fiery red scales are hard. (AC +6)
You cannot fit into any form of body armour.
Your flesh is heat resistant. (rF+)
You are cold-blooded and may be slowed by cold attacks.


Message History

Your scales start taking on a fiery red colour.
You learn Fire Magic much quicker.
You learn Ice Magic much slower.
Your Ice Magic skill lost 2 levels and is now at level 5!
You can breathe blasts of fire.
You feel resistant to heat.
You start resting.
Magic restored.
You start waiting.
Done waiting.
Okay, then.
Okay, then.
Okay, then.
Level annotation: 2 transporters Welcome back, experimilk the Red Draconian Ice Elementalist.
Press ? for a list of commands and other information.
(D) Dungeon
Where to? (? - help)
Okay, then.
Press: ? - help, v - describe, . - travel The floor.
Search for what [? for help]? exit Can't find anything matching that.
Search for what [Enter for "exit", or ? for help]?
Okay, then.
(D) Dungeon
Where to? (? - help)
What level of the Dungeon? (default 1, ? - help)
There is a stone staircase leading up here.
You climb upwards.
There is a stone staircase leading down here.
There is a stone staircase leading up here.
You climb upwards.
There is a stone staircase leading down here.
There is a stone staircase leading up here.
You climb upwards.
There is a stone staircase leading down here.
You see here 16 stones.
There is a staircase leading out of the dungeon here.
Are you sure you want to leave the Dungeon?
This will make you lose the game!
You have escaped!

...........#############...>###..
....#######P≈≈≈≈≈≈≈≈≈P#.........#
..#.# #.P≈≈≈≈≈≈≈P.##....#####
....# #..P≈≈≈≈≈P..###(#......
..#.# #...P≈≈≈P...# #.#######
....# ###(...P≈P....###.### #
.#### #.......P...........# .#
#.............###.#.# '##
#.......@......##.#.# # ..##
#.#...............#.# ## ...##
#.#.....P.....#####.# ##. ....##
#......P≈P....##.##.###..
.....####.....P≈≈≈P.........##...
.....'.......P≈≈≈≈≈P.........'...
.....####...P≈≈≈≈≈≈≈P.#...####...
....## #..P≈≈≈≈≈≈≈≈≈P##.## ##..
...## #.################ ##.


There were no monsters in sight!

Vanquished Creatures
  Sigmund (D:2)
  A black bear (D:4)
  A water moccasin skeleton (D:4)
  2 orc priests
  A bullfrog skeleton (D:4)
  An iguana (D:4)
  Jessica (D:2)
  3 gnolls (D:4)
  A howler monkey skeleton (D:4)
  6 adders
  An adder skeleton (D:4)
  12 orcs
  4 ball pythons
  4 bats
  4 endoplasms
  2 giant cockroaches (D:1)
  2 quokkas
  8 frilled lizards
  4 goblins
  6 kobolds
  4 rats
69 creatures vanquished.

Vanquished Creatures (others)
  6 fungi (D:3)
  8 plants (D:3)
14 creatures vanquished.

Grand Total: 83 creatures vanquished

Notes
Turn   | Place    | Note
-------+----------+-------------------------------------------
     0 | D:1      | experimilk the Draconian Ice Elementalist began the quest
                  | for the Orb.
     0 | D:1      | Reached XP level 1. HP: 14/14 MP: 3/3
   331 | D:1      | Found Motetaun's Antique Weapon Shoppe.
   422 | D:1      | Reached XP level 2. HP: 20/20 MP: 3/5
  1248 | D:2      | Noticed Jessica
  1252 | D:2      | Killed Jessica
  1253 | D:2      | Reached skill level 5 in Ice Magic
  1253 | D:2      | Reached XP level 3. HP: 26/26 MP: 3/6
  1285 | D:2      | Learned a level 3 spell: Frozen Ramparts
  1793 | D:2      | Noticed Sigmund
  1836 | D:2      | Killed Sigmund
  1837 | D:2      | Reached skill level 6 in Ice Magic
  1837 | D:2      | Reached skill level 1 in Fighting
  1837 | D:2      | Reached XP level 4. HP: 27/35 MP: 0/7
  1837 | D:2      | Reached XP level 5. HP: 31/40 MP: 0/8
  2012 | D:2      | Learned a level 4 spell: Hailstorm
  2909 | D:3      | Reached skill level 1 in Conjurations
  2909 | D:3      | Reached XP level 6. HP: 11/47 MP: 3/9
  3847 | D:3      | Found a faded altar of an unknown god.
  5835 | D:4      | Found a transporter.
  5839 | D:4      | Found a transporter.
  6154 | D:4      | Found a burning altar of Makhleb.
  6154 | D:4      | Found a sacrificial altar of Ru.
  6168 | D:4      | Found a bloodstained altar of Trog.
  6259 | D:4      | Reached skill level 7 in Ice Magic
  6617 | D:4      | Your scales start taking on a fiery red colour.
  6617 | D:4      | Reduced skill Ice Magic to level 5
  6617 | D:4      | Reached XP level 7. HP: 52/52 MP: 1/11
  6617 | D:4      | Gained mutation: Your flesh is heat resistant. (rF+) [Red
                  | Draconian growth]
  6865 | D:$      | Got out of the dungeon alive.

Illustrated notes

Levels and vault maps discovered:
D:1:      eino_arrival_druids_welcome, layout_loops_corners, serial_shops, shop
D:2:      layout_loops_cross, uniq_jessica, uniq_sigmund
D:3:      layout_basic, shapermc_ecumenical_altar_mp_ritualfount
D:4:      layout_layer_cave, gammafunk_temple_overflow_arena,
          minmay_temple_entry_gardened_gates

Skill      XL: |  1  2  3  4  5  6 |
---------------+-------------------+-----
Ice Magic      | 5 6 5 |  5.9
Fighting       | 1 |  1.3
Dodging        | 2 3 |  3.0
Conjurations   | 1 2 |  2.7
Spellcasting   | 3 |  3.0
Stealth        | |  1.7

Action                   |  1- 3 |  4- 6 |  7- 9 || total
-------------------------+-------+-------+-------++-------
Melee: Unarmed           |     4 |       |       ||     4
       Punch             |     1 |       |       ||     1
       Club              |    16 |     7 |       ||    23
       Dagger            |       |    21 |       ||    21
       Short sword       |       |     5 |       ||     5
       Tailslap          |       |     3 |       ||     3
 Cast: Freeze            |    26 |    29 |       ||    55
       Frozen Ramparts   |     4 |    28 |       ||    32
       Hailstorm         |       |     3 |       ||     3
  Use: Scroll            |     4 |     2 |       ||     6
       Potion            |     1 |       |       ||     1
 Stab: Sleeping          |     1 |       |       ||     1
Armor: Skin              |    16 |    23 |       ||    39
Dodge: Dodged            |    13 |    50 |       ||    63
